 Dungeon Crawl Stone Soup version 0.31-a0-1165-g196b491b36 (webtiles) character file.

Game seed: 18412028706944792245

2 avis the Caller (level 1, 0/14 HPs)
             Began as a Hill Orc Summoner on Dec 9, 2023.
             Slain by a jackal (2 damage)
             ... on level 1 of the Dungeon.
             The game lasted 00:02:06 (239 turns).

avis the Caller (Hill Orc Summoner)                  Turns: 239, Time: 00:02:07

Health: 0/14       AC:  2    Str: 10    XL:     1   Next: 30%
Magic:  1/3        EV: 12    Int: 15    God:
Gold:   10         SH:  0    Dex: 11    Spells: 2/3 levels left

rFire   . . .        a - +0 dagger
rCold   . . .        (no shield)
rNeg    . . .        d - +0 robe
rPois   .            (no helmet)
rElec   .            (no cloak)
rCorr   .            (no gloves)
SInv    .            (no boots)
Will    .....        (no amulet)
Stlth   ++           (no ring)
HPRegen 0.22/turn    (no ring)
MPRegen 0.08/turn

%: no passive effects
@: very slightly contaminated
A: no striking features
a: no special abilities


You were on level 1 of the Dungeon.
You visited 1 branch of the dungeon, and saw 1 of its levels.

You collected 10 gold pieces.

Inventory:

Hand Weapons
 a - a +0 dagger (weapon)
Armour
 d - a +0 robe (worn)
 g - a +0 pair of boots
Talismans
 e - a serpent talisman
Scrolls
 c - a scroll of identify {unknown}
 f - a scroll of teleportation {unknown}
Potions
 b - a potion of magic


   Skills:
 - Level 1.5 Dodging
 - Level 1.5 Stealth
 * Level 1.7 Spellcasting
 - Level 4.0 Summonings


You had 2 spell levels left.
You knew the following spells:

 Your Spells              Type           Power      Damage    Failure   Level
a - Summon Small Mammal   Summ           52%        N/A       4%          1

Your spell library contained the following spells:

 Spells                   Type           Power      Damage    Failure   Level
 Call Imp                 Summ           26%        N/A       7%          2
 Call Canine Familiar     Summ           13%        N/A       13%         3
 Summon Guardian Golem    Hex/Summ       7%         N/A       30%         3
 Summon Lightning Spire   Summ/Air       7%         N/A       69%         4


Dungeon Overview and Level Annotations

Branches:
Dungeon (1/15)

Altars:


Message History

Nothing appears to happen.
The jackal barely misses you. The jackal bites you.
Casting: Summon Small Mammal (safe; 4% risk of failure)
Confirm with . or Enter, or press ? or * to list all spells.
The jackal bites you but does no damage.
You swap places.
The jackal bites your rat but does no damage.
Your rat bites the jackal but does no damage.
The jackal bites your rat.
Your rat dies!
Your rat's corpse disappears in a puff of smoke!
Casting: Summon Small Mammal (safe; 4% risk of failure)
Confirm with . or Enter, or press ? or * to list all spells.
You miscast Summon Small Mammal.
Nothing appears to happen.
Casting: Summon Small Mammal (safe; 4% risk of failure)
Confirm with . or Enter, or press ? or * to list all spells.
You don't have enough magic to cast this spell.
Okay, then.
Casting: Summon Small Mammal (safe; 4% risk of failure)
Confirm with . or Enter, or press ? or * to list all spells.
Okay, then.
Okay, then.
Adjust (i)tems, (s)pells, or (a)bilities?
d - a +0 dagger (weapon)
Adjust to which letter? (? for menu, Esc to quit)
a - a +0 dagger (weapon);
d - a +0 robe (worn)
You hit the jackal but do no damage. The jackal bites you.
The jackal closely misses you.
You completely miss the jackal. Your punch misses the jackal.
The jackal barely misses you.
You barely miss the jackal. The jackal closely misses you.
You hit the jackal but do no damage. The jackal closely misses you.
The jackal bites you.
You hit the jackal but do no damage. The jackal bites you.
You barely miss the jackal.
The jackal bites you but does no damage.
The jackal bites you.
You closely miss the jackal. The jackal bites you.
* * * LOW HITPOINT WARNING * * *
You hit the jackal but do no damage. The jackal bites you.
You die...

# .. ##.## #.# #.
.#########...###.# ..
..##............# #.#.
##.##.####...###.#
#....#..##.#####.## #.#
#.............# #.#
####.########## #.#
#.####.#############.#
#......hhhh@.........#
#######.############.##
..h..h>.# #.# #########
#.# #.# #.# #.# ###.##
#....#


You could see 4 jackals.

Vanquished Creatures (collateral kills)
  2 bats (D:1)
2 creatures vanquished.

Notes
Turn   | Place    | Note
-------+----------+-------------------------------------------
     0 | D:1      | avis the Hill Orc Summoner began the quest for the Orb.
     0 | D:1      | Reached XP level 1. HP: 14/14 MP: 3/3
   239 | D:1      | Slain by a jackal

Illustrated notes

Levels and vault maps discovered:
D:1:      tarquinn_simple_flora_water_f, layout_loops_ring,
          shapermc_ecumenical_altar_acropolis, serial_shops, shop,
          kennysheep_minor_cross, nicolae_concentric_dashed_squares_wild,
          minmay_crystal_room

Action                     || total
---------------------------++-------
  Melee: Dagger            ||     8
   Cast: Summon Small Mamm ||     5
 Armour: Robe              ||    11
  Dodge: Dodged            ||     6

Table legend: (Time is in decaauts)
 A = Elapsed time spent in this place.
 B = Non-inter-level travel time spent in this place.
 C = Inter-level travel time spent in this place.
 D = Time resting spent in this place.
 E = Time spent auto-exploring this place.
 F = Levels seen in this place.
 G = Mean time per level.
                   A        B        C        D        E       F      G
               +--------+--------+--------+--------+--------+-----+--------+
         Total |    238 |    238 |      0 |     31 |    145 |   1 |  238.0 |
       Dungeon |    238 |    238 |      0 |     31 |    145 |   1 |  238.0 |
               +--------+--------+--------+--------+--------+-----+--------+

Top non-repeatable levels by time:
     D:1: 238 daAuts
